 Dungeon Crawl Stone Soup version 0.31-a0-986-g5e6e4ef867 (webtiles) character file.

Game seed: 4021877957829860319

155103 Pooter the Executioner (level 17, -1/177 HPs)
             Began as a Minotaur Monk on Nov 9, 2023.
             Was a High Priest of Okawaru.
             Constricted to death by an anaconda (3 damage)
             ... on level 2 of the Snake Pit.
             The game lasted 03:05:07 (36333 turns).

Pooter the Executioner (Minotaur Monk)             Turns: 36333, Time: 03:05:08

Health: -1/177     AC: 23    Str: 25    XL:     17   Next: 7%
Magic:  25/26      EV:  9    Int:  6    God:    Okawaru [*****.]
Gold:   554        SH: 17    Dex: 22    Spells: 15/16 levels left

rFire   + . .        a - +8 war axe of the Lettuce {heavy, Will++}
rCold   + . .        Q - +1 tower shield {rC+}
rNeg    . . .        W - +6 plate armour {Will+}
rPois   +            z - +2 hat
rElec   .            V - +0 cloak {rCorr}
rCorr   +            (no gloves)
SInv    .            (no boots)
Will    ++++.        J - amulet of Crawling {Faith rPois Regen+ Dex+3} Stlth
                     m - +6 ring of strength
HPRegen 1.29/turn    n - +4 ring of slaying
MPRegen 0.20/turn

%: faith
@: lethally poisoned (-1 -> -2), heroic, constricted
A: horns 2, retaliatory headbutt, agile 1, dopey 1, fire resistance 1, robust 1
a: Renounce Religion, Heroism, Finesse, Duel


You were on level 2 of the Snake Pit.
You worshipped Okawaru.
Okawaru was extremely pleased with you.
You visited 5 branches of the dungeon, and saw 25 of its levels.
You visited 1 bazaar.
You also visited: Gauntlet and Ice Cave.

You collected 2714 gold pieces.
You spent 2160 gold pieces at shops.

Inventory:

Hand Weapons
 a - the +8 war axe of the Lettuce (weapon) {heavy, Will++}
   (You found it on level 5 of the Lair of Beasts)

   Will++:    It greatly increases your willpower.
 b - a +0 arbalest of flaming
   (You took it off a naga sharpshooter on level 1 of the Snake Pit)
 q - a +3 morningstar
   (You took it off a wight on level 9 of the Dungeon)
 Y - a +0 heavy broad axe
   (You found it on level 9 of the Dungeon)
Missiles
 e - 7 curare-tipped darts
 v - 8 boomerangs (quivered)
 A - 12 silver javelins
 G - 3 javelins
Armour
 z - a +2 hat (worn)
   (You found it in an ice cave)
 Q - a +1 tower shield of cold resistance (worn)
   (You took it off a naga warrior on level 1 of the Snake Pit)
 V - a +0 cloak of preservation (worn)
   (You took it off Crazy Yiuf on level 7 of the Dungeon)
 W - a +6 plate armour of willpower (worn)
   (You took it off a meliai on level 2 of the Lair of Beasts)
Jewellery
 m - a +6 ring of strength (left hand)
   (You found it on level 2 of the Dungeon)
 n - a +4 ring of slaying (right hand)
   (You found it on level 7 of the Dungeon)
 y - a ring of flight
   (You found it on level 4 of the Dungeon)
 C - a ring of resist corrosion
   (You found it in a Gauntlet)
 E - a ring of willpower
   (You found it on level 5 of the Dungeon)
 F - a ring of protection from fire
   (You found it on level 5 of the Dungeon)
 I - the ring "Vami Fim" {rPois rC+ rN+ Int-5 Stlth+}
   (You found it on level 7 of the Dungeon)

   [ring of poison resistance]

   Int-5:     It affects your intelligence (-5).
   rC+:       It protects you from cold.
   rPois:     It protects you from poison rN+: It protects you from negative
   energy.
   Stlth+:    It makes you more stealthy.
 J - the amulet of Crawling (around neck) {Faith rPois Regen+ Dex+3}
   (You found it on level 4 of the Lair of Beasts)

   [amulet of faith]

   Faith:     It allows you to gain divine favour quickly.
   Dex+3:     It affects your dexterity (+3).
   rPois:     It protects you from poison Regen+: It increases your rate of
   health regeneration.
 M - a +6 ring of dexterity
   (You took it off a minotaur in a Gauntlet)
 N - a ring of positive energy
   (You found it on level 6 of the Dungeon)
 P - a ring of poison resistance
   (You found it on level 1 of the Dungeon)
 R - a ring of protection from cold
   (You found it on level 2 of the Dungeon)
 S - a ring of see invisible
   (You found it on level 4 of the Dungeon)
 T - the amulet of Sownaaph {Reflect Dex+4 SH+5}
   (You bought it in a shop in a bazaar)

   [amulet of reflection]

   Reflect:   It reflects blocked missile attacks.
   Dex+4:     It affects your dexterity (+4).
   SH+5:      It affects your SH (+5).
 U - a ring of magical power
   (You found it on level 7 of the Dungeon)
Wands
 c - a wand of polymorph (13)
   (You took it off Maurice on level 8 of the Dungeon)
 d - a wand of iceblast (21)
   (You found it on level 8 of the Dungeon)
 f - a wand of flame (49)
   (You found it on level 5 of the Dungeon)
 h - a wand of mindburst (17)
   (You found it on level 5 of the Lair of Beasts)
 u - a wand of paralysis (10)
   (You took it off Psyche on level 8 of the Dungeon)
 D - a wand of digging (1)
   (You found it on level 9 of the Dungeon)
 H - a wand of light (3)
   (You found it on level 6 of the Dungeon)
Scrolls
 i - 9 scrolls of identify {@r1}
 k - 4 scrolls of revelation
 r - 2 scrolls of noise {!r}
 t - 10 scrolls of teleportation {@r4}
 x - 3 scrolls of silence
 B - 4 scrolls of poison {!r}
 L - 2 scrolls of blinking
 X - 2 scrolls of fog
Potions
 g - 14 potions of curing {@q1}
 j - 4 potions of might
 l - 8 potions of heal wounds {@q2}
 o - a potion of invisibility
 p - 5 potions of mutation {!q}
 s - a potion of berserk rage
 w - 2 potions of haste {@q3}
 K - 2 potions of attraction {!q}
 Z - 3 potions of resistance
Miscellaneous
 O - a condenser vane (inert)
   (You found it on level 7 of the Dungeon)


   Skills:
 + Level 17.0(22.0) Fighting
 + Level 21.6(26.6) Axes
 * Level 16.0(21.0) Ranged Weapons
 + Level 3.1(8.1) Armour
 + Level 7.9(12.9) Dodging
 - Level 5.0 Necromancy
 * Level 2.9 Translocations
 + Level 13.3 Invocations
 + Level 5.8 Evocations


You had 15 spell levels left.
You knew the following spells:

 Your Spells              Type           Power      Damage    Failure   Level
c - Apportation           Tloc           6%         N/A       100%        1

Your spell library contained the following spells:

 Spells                   Type           Power      Damage    Failure   Level
 Necrotise                Necr           24%        1d5       98%         1
 Kiss of Death            Conj/Necr      12%        2d6       100%        1
 Sandblast                Erth           0%         2d4       100%        1
 Shock                    Conj/Air       0%         1d3       100%        1
 Blink                    Tloc           6%         N/A       100%        2
 Lesser Beckoning         Tloc           6%         N/A       100%        2
 Momentum Strike          Conj/Tloc      2%         3d8       100%        2
 Passwall                 Tmut/Erth      0%         N/A       100%        2
 Confusing Touch          Hex            0%         N/A       100%        3
 Frozen Ramparts          Ice            0%         1d1       100%        3
 Gell's Gravitas          Tloc           3%         N/A       100%        3
 Inner Flame              Hex/Fire       0%         N/A       100%        3
 Stone Arrow              Conj/Erth      0%         3d7       100%        3
 Swiftness                Air            0%         N/A       100%        3
 Teleport Other           Tloc           3%         N/A       100%        3
 Airstrike                Air            0%         2d(0-16)  100%        4
 Brom's Barrelling Bould  Conj/Erth      0%         2d3       100%        4
 Dimensional Bullseye     Hex/Tloc       0%         N/A       100%        4
 Dispel Undead            Necr           6%         3d8       100%        4
 Flame Wave               Conj/Fire      0%         2d4       100%        4
 Iskenderun's Mystic Bla  Conj/Tloc      1%         2d3       100%        4
 Passage of Golubria      Tloc           3%         N/A       100%        4
 Petrify                  Tmut/Erth      0%         N/A       100%        4
 Sticky Flame             Conj/Fire      0%         2d3       100%        4
 Borgnjor's Vile Clutch   Necr/Erth      1%         N/A       100%        5
 Metabolic Englaciation   Hex/Ice        0%         N/A       100%        5
 Silence                  Hex/Air        0%         N/A       100%        5
 Eringya's Noxious Bog    Tmut/Pois      0%         4d6       100%        6
 Orb of Destruction       Conj           0%         9d5       100%        7
 Ozocubu's Refrigeration  Ice            0%         4d7       100%        7
 Lehudib's Crystal Spear  Conj/Erth      0%         10d2      100%        8
 Polar Vortex             Ice            0%         N/A       100%        9
 Summon Small Mammal      Summ           Unusable   N/A       N/A         1
 Summon Guardian Golem    Hex/Summ       Unusable   N/A       N/A         3
 Tukima's Dance           Hex            Unusable   N/A       N/A         3
 Animate Dead             Necr           Unusable   N/A       N/A         4
 Summon Ice Beast         Ice/Summ       Unusable   N/A       N/A         4
 Summon Forest            Summ/Tloc      Unusable   N/A       N/A         5
 Death Channel            Necr           Unusable   N/A       N/A         6
 Spellforged Servitor     Conj/Summ      Unusable   N/A       N/A         7
 Summon Hydra             Summ           Unusable   N/A       N/A         7

Dungeon Overview and Level Annotations

Branches:
Dungeon (15/15) Zot: 24716  Temple (1/1) D:4 Zot: 5904    Lair (5/5) D:10 Zot: 20127
  Swamp (0/4) Lair:2        Snake (2/4) Lair:2 Zot: 9469   Slime (0/5) Lair:5
    Orc (2/2) D:11 Zot: 10567     Elf (0/3) Orc:2        Vaults (0/5) D:13
 Depths (0/4) D:15          IceCv (visited)         Gauntlet (visited)

Altars:
Ashenzari
Cheibriados
Dithmenos
Elyvilon
Fedhas
Gozag
Hepliaklqana
Kikubaaqudgha
Makhleb
Nemelex Xobeh
Okawaru
Qazlal
Ru
Sif Muna
Trog
Uskayaw
Vehumet
Wu Jian
Xom
Yredelemnul
Zin
The Shining One
Jiyva
Lugonu

Shops:
D:1 !   Orc:2 =?(!

Portals:
Abyss: Lair:5
Trove: D:15 (show abyssal rune of Zot)


Innate Abilities, Weirdness & Mutations

You have a pair of horns on your head.
You reflexively headbutt those who attack you in melee.
You are agile. (Dex +4, Str/Int -1)
You are dopey. (Int -2)
Your flesh is heat resistant. (rF+)
You are robust. (+10% HP)


Message History

The anaconda bites you but does no damage.
The anaconda constricts you.
An electric eel comes into view.
The shock serpent completely misses you.
You furiously retaliate!
You headbutt the shock serpent!
The shock serpent's electric aura discharges, shocking you!
The naga ritualist hits you but does no damage.
The anaconda bites you but does no damage.
The anaconda constricts you.
* * * LOW HITPOINT WARNING * * *
You slice the sea snake like a ripe choko!!!
You kill the sea snake!
Okawaru accepts your kill.
You slash the shock serpent!
You kill the shock serpent!
Okawaru accepts your kill.
You hit the anaconda.
The air sparks with electricity, shocking you!
You feel sick. The anaconda bites you.
* * * LOW HITPOINT WARNING * * *
The anaconda constricts you.
* * * LOW HITPOINT WARNING * * *
The salamander shoots an arrow.
The arrow hits you.
* * * LOW HITPOINT WARNING * * *
You block the naga ritualist's attack. The anaconda bites you.
* * * LOW HITPOINT WARNING * * *
The anaconda constricts you.
You escape the anaconda's grasp.
You feel sick.
The salamander unwields a +0 shortbow of flaming.
It stops flaming.
You block the salamander's attack. The anaconda grabs you.
The anaconda bites you but does no damage.
The anaconda constricts you.
A sea snake comes into view.
The naga ritualist hits you from afar with a +0 glaive!!
* * * LOW HITPOINT WARNING * * *
The sea snake moves out of view.
Items here: ) [ ††.
You slice the salamander!! You headbutt the salamander! You slash the anaconda!
You feel sick. You block the anaconda's attack. The anaconda constricts you.
The anaconda bites you but does no damage.
The anaconda constricts you. You block the salamander's attack.
The naga ritualist hits you from afar with a +0 glaive!!
* * * LOW HITPOINT WARNING * * *
The anaconda bites you.
* * * LOW HITPOINT WARNING * * *
The anaconda constricts you.
* * * LOW HITPOINT WARNING * * *
You slice the salamander!! You closely miss the anaconda.
You feel sick. You block the anaconda's attack. The anaconda constricts you.
You die...

## .. #.# ##.# #
#...# #.# ###
##....# #.#####
#...... ##.##.#
#...... #.#.##
#...... #..##
#......#####.###
#.....†.###.#.#
#>...N@......##
#......S#######
......NN#
.........
.........
.........#
#....~~SS~
......~~~~


You could see a salamander (strong), an anaconda, a naga ritualist (strong), a
naga (strong) and 2 electric eels.

Vanquished Creatures
  Frances (D:12)
  Kirke (Lair:3)
  An ironbound preserver (D:13)
  A reaper (IceCv)
  The ghost of Skeral the Grappler, a journeyman TrAr of Uskayaw (Lair:5)
  A minotaur (Gauntlet)
  A vault guard (D:15)
  Josephine (D:15)
  A rakshasa (D:15)
  8 hydras
  4 ogre magi
  3 anacondas
  2 catoblepae
  3 centaur warriors
  5 boulder beetles
  11 two-headed ogres
  An orc high priest (Arena)
  4 naga warriors
  3 naga sharpshooters (Snake:1)
  2 occultists (D:15)
  3 thrashing horrors (Lair:5)
  5 shock serpents
  Nergalle (Orc:2)
  3 skeletal warriors (D:15)
  2 salamander mystics
  2 large abominations (Lair:5)
  A deep troll (shapeshifter) (D:15)
  2 naga ritualists (Snake:2)
  A sea snake (Snake:2)
  A lindwurm (Lair:5)
  A necromancer (D:15)
  6 mana vipers
  19 ugly things
  3 deep elf pyromancers
  7 oklob plants
  6 salamanders
  4 cyclopes
  5 manticores
  10 orc sorcerers
  A wolf spider (Gauntlet)
  7 elephants
  A moth of wrath (Gauntlet)
  2 guardian serpents (Snake:2)
  22 black mambas
  2 centaur zombies (D:15)
  2 ice statues (IceCv)
  Maurice (D:8)
  12 naga magi
  A smoke demon (Lair:5)
  A torpor snail (Lair:5)
  12 cane toads
  11 komodo dragons
  4 rime drakes
  Psyche (D:8)
  A kobold demonologist (D:9)
  3 unseen horrors
  Jeremiah (D:8)
  A hellion (Gauntlet)
  A freezing wraith (IceCv)
  2 anaconda simulacra (IceCv)
  9 ice devils
  An efreet (D:13)
  A tengu conjurer (D:15)
  7 polar bears
  4 hornets
  11 meliai
  A queen bee (Lair:2)
  3 trolls
  A raiju (Lair:5)
  2 tyrant leeches (Lair:2)
  A hornet (shapeshifter) (Lair:5)
  40 blink frogs
  A meliai zombie (D:15)
  10 dream sheep
  A dream sheep (shapeshifter) (Lair:5)
  11 slime creatures
  6 shadows
  A water elemental (D:15)
  4 ynoxinuls (Lair:5)
  14 spriggans
  51 yaks
  A vampire (D:12)
  8 wyverns
  5 hogs (Lair:3)
  2 unseen horror simulacra
  5 wraiths
  12 basilisks
  A steam dragon (D:7)
  4 redbacks (Gauntlet)
  A chaos spawn (Lair:5)
  10 vampire mosquitoes
  2 swamp worms (Lair:2)
  21 water moccasins
  3 wargs
  A harpy simulacrum (IceCv)
  23 nagas
  Duvessa (D:7)
  3 acid dragons
  2 hell hounds (Gauntlet)
  A swamp drake (Lair:2)
  8 ice beasts
  15 orc warriors
  5 sky beasts (D:7)
  3 boggarts (Lair:3)
  3 black bears
  11 small abominations (Lair:5)
  26 wolves
  17 centaurs
  15 ogres
  4 phantoms
  2 kobold brigands
  23 bullfrogs
  A gnoll sergeant (D:6)
  2 cane toad simulacra (IceCv)
  2 two-headed ogre simulacra (IceCv)
  8 wights
  37 killer bees
  An elephant simulacrum (IceCv)
  2 troll zombies (D:11)
  Dowan (D:7)
  4 electric eels
  4 howler monkeys
  2 crimson imps
  2 lava snakes (Lair:2)
  2 hounds (D:4)
  9 jellies
  15 orc priests
  Crazy Yiuf (D:7)
  3 sleepcaps
  2 gnoll boudas
  6 iguanas
  35 orc wizards
  A hell rat (Lair:2)
  A polar bear simulacrum (IceCv)
  3 spriggan simulacra (IceCv)
  A troll simulacrum (IceCv)
  A wolf simulacrum (IceCv)
  3 centaur simulacra
  4 ogre zombies (D:11)
  12 gnolls
  10 adders
  A naga simulacrum (IceCv)
  3 shadow imps
  12 white imps
  6 ufetubi
  A dart slug (D:5)
  59 orcs
  5 endoplasms
  2 giant cockroaches (D:3)
  A gnoll zombie (D:11)
  6 goblins
  6 hobgoblins
  6 quokkas
  6 ball pythons
  6 bats
  5 frilled lizards
  4 gnoll skeletons (D:11)
  A goblin skeleton (D:3)
  2 goblin zombies (D:3)
  A hobgoblin zombie (D:3)
  18 kobolds
  2 kobold skeletons (D:3)
  A kobold zombie (D:3)
  5 orc skeletons
  10 orc zombies (D:11)
  3 rats
  A spectral orc (D:3)
992 creatures vanquished.

Notes
Turn   | Place    | Note
-------+----------+-------------------------------------------
     0 | D:1      | Pooter the Minotaur Monk began the quest for the Orb.
     0 | D:1      | Reached XP level 1. HP: 19/19 MP: 0/0
    34 | D:1      | Found Zeodab's Distillery.
   131 | D:1      | Bought a potion of curing for 36 gold pieces
   138 | D:1      | Reached skill level 4 in Axes
   146 | D:1      | Reached XP level 2. HP: 25/27 MP: 1/1
   277 | D:1      | Found a faded altar of an unknown god.
   756 | D:2      | Reached XP level 3. HP: 33/33 MP: 2/2
   774 | D:1      | Bought a potion of invisibility for 96 gold pieces
   877 | D:2      | Reached skill level 5 in Axes
   911 | D:2      | Reached XP level 4. HP: 34/41 MP: 3/3
  1254 | D:3      | Found a glowing golden altar of the Shining One.
  1267 | D:3      | Reached skill level 5 in Fighting
  1267 | D:3      | Reached skill level 6 in Axes
  1267 | D:3      | Reached XP level 5. HP: 48/48 MP: 4/4
  1465 | D:3      | Found a hide-covered altar of Uskayaw.
  1516 | D:1      | Bought a potion of haste for 120 gold pieces
  1768 | D:3      | Found a basalt altar of Yredelemnul.
  1915 | D:4      | Noticed an ice beast
  1933 | D:4      | Killed an ice beast
  1934 | D:4      | Reached skill level 7 in Axes
  1934 | D:4      | Reached XP level 6. HP: 34/56 MP: 5/5
  2431 | D:4      | Found a snail-covered altar of Cheibriados.
  2602 | D:4      | Reached skill level 8 in Axes
  2602 | D:4      | Reached XP level 7. HP: 45/63 MP: 6/6
  2759 | D:4      | Found a staircase to the Ecumenical Temple.
  2769 | Temple   | Entered the Ecumenical Temple
  3059 | D:5      | Entered Level 5 of the Dungeon
  3266 | D:5      | Reached skill level 9 in Axes
  3400 | D:5      | Reached XP level 8. HP: 25/73 MP: 7/7
  3895 | D:5      | Reached skill level 10 in Axes
  4817 | D:6      | Reached skill level 11 in Axes
  5019 | D:6      | Found a sparkling altar of Nemelex Xobeh.
  5332 | D:6      | Reached XP level 9. HP: 77/83 MP: 8/8
  5338 | D:6      | Reached skill level 12 in Axes
  5962 | D:7      | Noticed Duvessa
  5962 | D:7      | Noticed Dowan
  5974 | D:7      | Killed Duvessa
  5980 | D:7      | Killed Dowan
  6211 | D:7      | Found a bloodstained altar of Trog.
  6237 | D:7      | Reached skill level 13 in Axes
  6248 | D:7      | Noticed a komodo dragon
  6252 | D:7      | Reached skill level 10 in Fighting
  6599 | D:7      | Killed a komodo dragon
  6606 | D:7      | Noticed a troll
  6619 | D:7      | Killed a troll
  6755 | D:7      | Found a stormy altar of Qazlal.
  6772 | D:7      | Reached skill level 14 in Axes
  6858 | D:7      | Found a runed translucent door.
  6859 | D:7      | Noticed Crazy Yiuf
  7120 | D:7      | Reached XP level 10. HP: 94/94 MP: 9/9
  7426 | D:7      | Noticed a two-headed ogre
  7435 | D:7      | Killed a two-headed ogre
  7436 | D:7      | Reached skill level 15 in Axes
  7618 | D:7      | Identified the orb of the Transparent God {*Rage, rCorr
                  | Str+3 SInv Stlth+}
  7620 | D:7      | Identified the +4 rapier "Gaicly" {venom, Contam Str+4}
  7627 | D:7      | Identified the ring "Vami Fim" {rPois rC+ rN+ Int-5 Stlth+}
  7828 | D:7      | Found a shadowy altar of Dithmenos.
  8080 | D:7      | Killed Crazy Yiuf
  8397 | Temple   | Became a worshipper of Warmaster Okawaru
  8397 | Temple   | Reached * piety under Okawaru
  8397 | Temple   | Reached ** piety under Okawaru
  8699 | D:8      | You fall into a shaft and drop 2 floors!
  8699 | D:10     | Entered Level 10 of the Dungeon
  8841 | D:8      | Reached skill level 1 in Ranged Weapons
  8886 | D:8      | Found an ornate altar of the Wu Jian Council.
  8896 | D:8      | Found a broken altar of Ashenzari.
  9083 | D:8      | Noticed Maurice
  9084 | D:8      | Noticed Jeremiah
  9167 | D:8      | Killed Maurice
  9168 | D:8      | Reached skill level 16 in Axes
  9168 | D:8      | Reached skill level 1 in Invocations
  9182 | D:8      | Killed Jeremiah
  9210 | D:8      | Noticed Psyche
  9219 | D:8      | Killed Psyche
  9262 | D:8      | Reached XP level 11. HP: 88/104 MP: 9/11
 11560 | D:10     | Noticed a two-headed ogre
 11565 | D:10     | Killed a two-headed ogre
 11623 | D:10     | Reached skill level 5 in Ranged Weapons
 11804 | D:10     | Noticed an oklob plant
 11806 | D:10     | Found a staircase to the Lair.
 11806 | D:10     | Noticed an oklob plant
 11812 | D:10     | Killed an oklob plant
 11866 | D:10     | Killed an oklob plant
 11921 | D:10     | Reached skill level 17 in Axes
 12101 | D:10     | Reached *** piety under Okawaru
 12172 | D:10     | Found a sacrificial altar of Ru.
 12470 | D:10     | Found a radiant altar of Vehumet.
 12470 | D:10     | Found a burning altar of Makhleb.
 12603 | Lair:1   | Entered Level 1 of the Lair of Beasts
 12763 | Lair:1   | Found a gate leading to a gauntlet.
 12771 | Lair:1   | Reached XP level 12. HP: 95/113 MP: 11/14
 12818 | Gauntlet | Entered a Gauntlet
 12818 | Gauntlet | Found a transporter.
 12818 | Gauntlet | Found a transporter.
 12822 | Gauntlet | Found a transporter.
 12823 | Gauntlet | Found a transporter.
 12829 | Gauntlet | Found a transporter.
 12849 | Gauntlet | Found a transporter.
 12870 | Gauntlet | Reached **** piety under Okawaru
 12895 | Gauntlet | Found a transporter.
 12930 | Gauntlet | Noticed a ghost crab
 13024 | Gauntlet | Found a transporter.
 13175 | Gauntlet | Found a transporter.
 13177 | Gauntlet | Found a transporter.
 13187 | Gauntlet | Found a transporter.
 13296 | Gauntlet | Found a transporter.
 13296 | Gauntlet | Noticed an entropy weaver
 13300 | Gauntlet | Identified the +2 hat of Ytuoru {+Inv rC- Dex+3}
 13322 | Gauntlet | Noticed a minotaur
 13326 | Gauntlet | Killed a minotaur
 13631 | D:1      | Bought a potion of curing for 36 gold pieces
 13631 | D:1      | Bought a potion of curing for 36 gold pieces
 13631 | D:1      | Bought a potion of curing for 36 gold pieces
 13631 | D:1      | Bought a potion of attraction for 36 gold pieces
 13631 | D:1      | Bought a potion of mutation for 96 gold pieces
 14111 | Lair:1   | Reached skill level 5 in Invocations
 14148 | Lair:1   | Reached skill level 18 in Axes
 14419 | Lair:2   | Noticed an eight-headed hydra
 14419 | Lair:2   | Noticed a five-headed hydra
 14423 | Lair:2   | Killed a ten-headed hydra
 14424 | Lair:2   | Reached skill level 1 in Necromancy
 14475 | Lair:2   | Noticed a four-headed hydra
 14480 | Lair:2   | Killed a five-headed hydra
 14485 | Lair:2   | Killed a four-headed hydra
 14660 | Lair:2   | Noticed a boulder beetle
 14660 | Lair:2   | Noticed an eight-headed hydra
 14720 | Lair:1   | Killed a boulder beetle
 14747 | Lair:2   | Killed an eight-headed hydra
 15045 | Lair:2   | Identified a scroll of acquirement
 15045 | Lair:2   | Acquired a manual of Invocations
 15106 | Lair:2   | Identified the +7 spear "Wedghima" {elec, rF+ rC+ Str+2
                  | Int-3}
 15139 | Lair:2   | Reached ***** piety under Okawaru
 15201 | Lair:2   | Reached XP level 13. HP: 89/123 MP: 16/16
 15547 | Lair:2   | Found a staircase to the Snake Pit.
 16186 | Lair:2   | Found a blossoming altar of Fedhas.
 16200 | Lair:2   | Reached skill level 10 in Ranged Weapons
 16286 | Lair:2   | Found a staircase to the Swamp.
 16569 | Lair:2   | Reached skill level 19 in Axes
 17889 | Lair:3   | Noticed Kirke
 18165 | Lair:3   | Killed Kirke
 18634 | Lair:4   | Gained mutation: You are agile. (Dex +4, Str/Int -1)
                  | [potion of mutation]
 18634 | Lair:4   | Gained mutation: You are dopey. (Int -2) [potion of
                  | mutation]
 18634 | Lair:4   | Gained mutation: Your flesh is heat resistant. (rF+)
                  | [potion of mutation]
 18634 | Lair:4   | Gained mutation: You are robust. (+10% HP) [potion of
                  | mutation]
 18705 | Lair:4   | Identified the amulet of Crawling {Faith rPois Regen+
                  | Dex+3}
 18775 | Lair:4   | Received a gift from Okawaru
 19023 | Lair:4   | Reached XP level 14. HP: 106/146 MP: 16/19
 19323 | Lair:4   | You fall into a shaft and drop 1 floor!
 19323 | Lair:5   | Entered Level 5 of the Lair of Beasts
 19341 | Lair:5   | Identified the +8 war axe of the Lettuce {heavy, Will++}
 19424 | Lair:5   | Found a viscous altar of Jiyva.
 19427 | Lair:5   | Found a staircase to the Slime Pits.
 20043 | Lair:5   | Reached skill level 20 in Axes
 20236 | Lair:5   | Reached skill level 15 in Fighting
 20410 | Lair:5   | Found a runed translucent door.
 20411 | Lair:5   | Noticed Skeral's ghost (journeyman TrAr)
 20424 | Lair:5   | Killed Skeral's ghost
 21210 | Lair:4   | Reached skill level 10 in Invocations
 21628 | Lair:5   | Received a gift from Okawaru
 21728 | Lair:5   | Reached skill level 5 in Necromancy
 21997 | Lair:5   | Reached skill level 1 in Evocations
 22450 | Lair:5   | Found a corrupted altar of Lugonu.
 22450 | Lair:5   | Found a one-way gate to the infinite horrors of the Abyss.
 22523 | Lair:5   | Reached XP level 15. HP: 125/155 MP: 21/21
 23103 | D:11     | Found a staircase to the Orcish Mines.
 24042 | IceCv    | Identified the "Nodwuj"
 24042 | Orc:1    | Entered Level 1 of the Orcish Mines
 24230 | Orc:2    | Entered Level 2 of the Orcish Mines
 24290 | Orc:2    | Found a radiant altar of Vehumet.
 24440 | Arena    | Entered the Arena
 24452 | Arena    | Entered the Arena
 24488 | Orc:1    | Found a frozen archway.
 24567 | IceCv    | Entered an ice cave
 26775 | Orc:2    | Reached skill level 5 in Dodging
 26778 | Orc:2    | Found Zawoax's Distillery.
 26797 | Orc:2    | Bought a potion of resistance for 150 gold pieces
 26797 | Orc:2    | Bought a potion of heal wounds for 75 gold pieces
 26797 | Orc:2    | Bought a potion of heal wounds for 75 gold pieces
 26797 | Orc:2    | Bought a potion of mutation for 120 gold pieces
 26797 | Orc:2    | Bought a potion of heal wounds for 75 gold pieces
 26810 | Orc:2    | Found a radiant altar of Vehumet.
 26827 | Orc:2    | Found Lav Zejo's Magic Scroll Boutique.
 26836 | Orc:2    | Bought a scroll of identify for 28 gold pieces
 26836 | Orc:2    | Bought a scroll of identify for 28 gold pieces
 26836 | Orc:2    | Bought a scroll of identify for 28 gold pieces
 26836 | Orc:2    | Bought a scroll of identify for 28 gold pieces
 26836 | Orc:2    | Bought a scroll of teleportation for 42 gold pieces
 26838 | Orc:2    | Noticed Nergalle
 26840 | Orc:2    | Found an ancient bone altar of Kikubaaqudgha.
 26848 | Orc:2    | Killed Nergalle
 27072 | Orc:2    | Found Netom's Antique Weapon Boutique.
 27116 | Orc:2    | Found Neuceib's Jewellery Boutique.
 27314 | Orc:2    | Found a staircase to the Elven Halls.
 27673 | D:12     | Noticed Frances
 27681 | D:12     | Killed Frances
 28435 | D:13     | Found a flickering gateway to a bazaar.
 28443 | Bazaar   | Entered a bazaar
 28457 | Bazaar   | Found Qupseesmuf's Distillery.
 28457 | Bazaar   | Found Gaem's Jewellery Shoppe.
 28467 | Bazaar   | Bought a potion of resistance for 130 gold pieces
 28467 | Bazaar   | Bought a potion of curing for 39 gold pieces
 28467 | Bazaar   | Bought a potion of haste for 130 gold pieces
 28467 | Bazaar   | Bought a potion of might for 52 gold pieces
 28467 | Bazaar   | Bought a potion of curing for 39 gold pieces
 28467 | Bazaar   | Bought a potion of curing for 39 gold pieces
 28496 | Bazaar   | Found Sug Tyrebb's Book Shoppe.
 28509 | Bazaar   | Found Touwucib's Book Shoppe.
 28568 | Bazaar   | Bought the amulet of Sownaaph {Reflect Dex+4 SH+5} for 590
                  | gold pieces
 28701 | D:13     | Reached skill level 21 in Axes
 28751 | D:13     | Found a gate to the Vaults.
 31034 | D:14     | Reached XP level 16. HP: 132/166 MP: 24/24
 31381 | D:15     | Entered Level 15 of the Dungeon
 31381 | D:15     | Noticed Josephine
 31388 | D:15     | Killed Josephine
 31626 | D:15     | Received a gift from Okawaru
 31694 | D:15     | Found a portal to a secret trove of treasure.
 31964 | D:15     | Reached skill level 15 in Ranged Weapons
 32806 | D:15     | Reached skill level 5 in Evocations
 33037 | D:15     | Identified the +2 robe of the Pure Gods {Str+2}
 33083 | D:15     | Received a gift from Okawaru
 33343 | D:15     | Found a staircase to the Depths.
 33545 | D:15     | Learned a level 1 spell: Apportation
 33865 | Snake:1  | Entered Level 1 of the Snake Pit
 34237 | Snake:1  | Reached skill level 1 in Armour
 34293 | Snake:1  | Reached skill level 1 in Translocations
 34765 | Snake:1  | Received a gift from Okawaru
 36084 | Snake:2  | Received a gift from Okawaru
 36091 | Snake:2  | Reached XP level 17. HP: 22/176 MP: 2/26
 36332 | Snake:2  | HP: 6/177 [naga ritualist/+0 glaive (27)]
 36332 | Snake:2  | HP: 1/177 [constriction (3)]
 36333 | Snake:2  | Constricted to death by an anaconda

Illustrated notes

Levels and vault maps discovered:
D:1:      minmay_arrival_arboretum_small, layout_loops_cross, serial_shops,
          nicolae_shop_stone, dreamdust_ecumenical_altar_grove,
          wander_ebering_terrifying_dragon_lair
D:2:      layout_rooms, moated_statue, nicolae_concentric_dashed_squares_wild
D:3:      layout_basic, yredelemnul_forgotten_temple_becter, pf_just_have_faith,
          nicolae_tso_besieged_by_evil, serial_bayou_lake_a
D:4:      layout_gridville, cheibrodos_worm_habitat,
          minmay_temple_entry_nine_rooms
D:5:      layout_loops_cross, st_stairs_3, minmay_gold_behind_fungi,
          kennysheep_generic_room_4
D:6:      black_bear_nest_2, layout_cave_pools, nemelex_spade_bored_becter
D:7:      minmay_the_grid_octo_tiled_squarecenter
          [minmay_the_grid_octo_fan_narrow, minmay_the_grid_octo_checkerflower,
          minmay_the_grid_octo_concentric, minmay_the_grid_octo_teeth,
          minmay_the_grid_square_5x5_megaprize_crossed,
          minmay_the_grid_square_5x5_mess, minmay_the_grid_square_5x5_fat_x,
          minmay_the_grid_square_5x5_lines,
          minmay_the_grid_square_5x5_checkered_statues], layout_cave_pods,
          nicolae_dithmenos_shadow_blocks, mainiacjoe_overflow_catwalk_spiral,
          kennysheep_generic_room_12, uniq_duvessa, uniq_crazy_yiuf_cottage
D:8:      layout_basic, mainiacjoe_overflow_big_doors, uniq_jeremiah,
          uniq_psyche, uniq_maurice
D:9:      layout_loops_cross, serial_ice, serial_ice_n, serial_ice_k,
          serial_ice_m, serial_ice_b, minivault_21, bh_walls_and_bars
D:10:     layout_rooms, grunt_temple_overflow_lords_of_destruction,
          lemuel_tele_altar, dpeg_oklobed_lair, serial_ice, serial_ice_f,
          serial_ice_d, serial_ice_m, serial_ice_i
D:11:     layout_irregular_city, zombieorc1_lemuel
D:12:     layout_loops_ring, uniq_frances
D:13:     layout_loops_corners, skrybe_vaults_entry_preservation, serial_shops,
          bzr_entry_islet
D:14:     layout_stronghold, chequers_serial_rivers_marsh
D:15:     grunt_enter_depths_magical_seal, layout_irregular_city, enter_trove_5,
          serial_bayou_pond_b, lightli_fourway_metalbox, uniq_josephine
Temple:   dpeg_three_leaves_temple
Lair:1:   layout_cave_pods, gauntlet_entry_generic, beast_lair_carwin_5
Lair:2:   regret_index_combs_of_tragedy, layout_chaotic_city,
          minmay_swamp_entry_worms, nicolae_snake_entry_warm_welcome,
          hangedman_tree_tricks, st_stairs_5, pond
Lair:3:   kb_forest_paths, layout_gridlike, uniq_kirke
Lair:4:   layout_cave_pods, serial_bayou_pond_b, serial_bayou_crossing
Lair:5:   hellmonk_lair_end_abyssal_woods, layout_regular_city,
          minmay_slime_entry_oklob_enclosed, gammafunk_ghost_grave,
          grunt_megastairs_5
Snake:1:  layout_chambers, grunt_ministairs_9
Snake:2:  layout_cave_shapes, nicolae_snake_shapes, serial_bayou_shore_a
Orc:1:    layout_diamond_mine, basic_altar, portal_ice_cave_demonic_guard
Orc:2:    kennysheep_orc_mage_school, layout_caves, basic_altar,
          statue_in_the_mist_lemuel

Skill      XL: |  1  2  3  4  5  6  7  8  9 10 11 12 13 14 15 16 17 |
---------------+----------------------------------------------------+-----
Axes           | 4 5 6 7 8 9 11 14 16 17 18 19 20 21 | 21.6
Fighting       | 4 5 6 7 9 10 12 13 14 15 16 17 | 17.0
Ranged Weapons | 3 7 9 11 13 14 15 16 | 16.0
Invocations    | 1 4 6 8 10 12 13 | 13.3
Necromancy     | 2 4 5 |  5.0
Evocations     | 1 4 5 |  5.8
Dodging        | 6 7 |  7.9
Armour         | 2 3 |  3.1
Translocations | 2 |  2.9

Action                     |  1- 3 |  4- 6 |  7- 9 | 10-12 | 13-15 | 16-18 || total
---------------------------+-------+-------+-------+-------+-------+-------++-------
  Melee: Hand axe          |    66 |    21 |       |       |       |       ||    87
         Headbutt          |    11 |    20 |    56 |    66 |   170 |    64 ||   387
         War axe           |       |    83 |   246 |   160 |   535 |   255 ||  1279
         Broad axe         |       |       |       |   195 |   167 |       ||   362
         Punch             |       |       |       |    10 |    15 |     1 ||    26
         Morningstar       |       |       |       |    15 |     7 |     4 ||    26
         Battleaxe         |       |       |       |       |    90 |       ||    90
   Fire: Orcbow            |       |       |       |    49 |   166 |    23 ||   238
  Throw: Stone             |       |    13 |       |       |       |       ||    13
         Boomerang         |       |     3 |    13 |    15 |    43 |    25 ||    99
 Invoke: Heroism           |       |       |       |    22 |    39 |     9 ||    70
         Finesse           |       |       |       |     1 |     5 |       ||     6
         Duel              |       |       |       |       |     2 |       ||     2
  Evoke: Wand              |       |       |     4 |    18 |    19 |    13 ||    54
         Condenser vane    |       |       |       |     2 |     1 |     2 ||     5
    Use: Scroll            |     1 |     3 |     2 |    19 |    18 |       ||    43
         Potion            |       |     1 |     2 |     1 |     1 |       ||     5
   Stab: Invisible         |       |       |     4 |       |     2 |     2 ||     8
         Confused          |       |       |       |       |     2 |       ||     2
         Distracted        |       |       |       |       |     1 |       ||     1
 Armour: Scale mail        |     9 |       |       |       |       |       ||     9
         Chain mail        |    34 |    56 |   147 |   357 |   420 |       ||  1014
         Skin              |       |       |       |     3 |     1 |       ||     4
         Plate armour      |       |       |       |       |   376 |   352 ||   728
  Dodge: Dodged            |    37 |    40 |   126 |   207 |   362 |   142 ||   914
  Block: Buckler           |       |    14 |    43 |    26 |       |       ||    83
         Other             |       |       |       |    90 |   170 |    22 ||   282
         Reflection        |       |       |       |     5 |    11 |       ||    16
         Tower shield      |       |       |       |       |       |   179 ||   179

Table legend: (Time is in decaauts)
 A = Elapsed time spent in this place.
 B = Non-inter-level travel time spent in this place.
 C = Inter-level travel time spent in this place.
 D = Time resting spent in this place.
 E = Time spent auto-exploring this place.
 F = Levels seen in this place.
 G = Mean time per level.
                   A        B        C        D        E       F      G
               +--------+--------+--------+--------+--------+-----+--------+
         Total |  36441 |  34779 |   1662 |  11221 |  16791 |  30 | 1214.7 |
       Dungeon |  19869 |  18812 |   1057 |   5653 |   9996 |  15 | 1324.6 |
        Temple |     95 |     60 |     35 |      0 |      0 |   1 |   95.0 |
          Lair |   9872 |   9407 |    465 |   2793 |   4624 |   5 | 1974.4 |
     Snake Pit |   2529 |   2503 |     26 |    783 |   1245 |   2 | 1264.5 |
  Orcish Mines |   1432 |   1355 |     77 |    279 |    674 |   2 |  716.0 |
        Bazaar |    201 |    201 |      0 |      0 |      0 |   1 |  201.0 |
      Ice Cave |   1893 |   1893 |      0 |   1432 |    173 |   1 | 1893.0 |
      Gauntlet |    526 |    526 |      0 |    279 |     78 |   1 |  526.0 |
         Arena |     19 |     19 |      0 |      0 |      0 |   2 |    9.5 |
               +--------+--------+--------+--------+--------+-----+--------+

Top non-repeatable levels by time:
  Lair:5: 2999 daAuts
  Lair:2: 2278 daAuts
     D:7: 2222 daAuts
     D:9: 2121 daAuts
    D:15: 1902 daAuts
   IceCv: 1893 daAuts
     D:5: 1888 daAuts
 Snake:1: 1866 daAuts
  Lair:1: 1643 daAuts
    D:13: 1643 daAuts
  Lair:4: 1522 daAuts
    D:14: 1456 daAuts
  Lair:3: 1428 daAuts
     D:4: 1258 daAuts
     D:8: 1150 daAuts
